 Dungeon Crawl Stone Soup version 0.29-a0-323-g050149af67 (console) character file.

Game seed: 16253704896582191634

2958 Ignak the Thaumaturge (level 9, -6/66 HPs)
             Began as a Gnoll Hedge Wizard on Apr 12, 2022.
             Was a Follower of Sif Muna.
             Mangled by a shadow (23 damage)
             ... on level 7 of the Dungeon.
             The game lasted 00:24:01 (9317 turns).

Ignak the Thaumaturge (Gnoll Hedge Wizard)          Turns: 9317, Time: 00:24:02

Health: -6/66      AC:  4    Str: 11    XL:     9   Next: 81%
Magic:  4/21       EV: 14    Int: 20    God:    Sif Muna [*.....]
Gold:   384        SH:  0    Dex: 11    Spells: 10/25 levels left

rFire   . . .      SeeInvis .   b - +1 flail (drain)
rCold   . . .      Faith    .   (no shield)
rNeg    . . .      Spirit   .   l - +0 robe
rPois   .          Reflect  .   p - +1 hat {Int+3}
rElec   .          Harm     .   (no cloak)
rCorr   .          Rampage  .   (no gloves)
Will    +....                   C - +0 pair of boots
Stlth   +++.......              (no amulet)
HPRegen 0.21/turn               q - ring of wizardry
MPRegen 0.17/turn               u - ring of willpower

@: no status effects
A: fangs 1, strong nose, distributed training
a: Renounce Religion, Channel Magic


You were on level 7 of the Dungeon.
You worshipped Sif Muna.
Sif Muna was aware of your devotion.
You visited 2 branches of the dungeon, and saw 9 of its levels.

You collected 384 gold pieces.

Inventory:

Hand Weapons
 a - a +1 vorpal hand axe
 b - a +1 flail of draining (weapon)
 m - a +0 rapier
 B - a +1 whip of electrocution
 D - a +2 falchion of holy wrath
Missiles
 i - 6 curare-tipped darts
 y - 9 poisoned darts (quivered)
Armour
 k - a +0 leather armour
 l - a +0 robe (worn)
 p - a +1 hat of intelligence (worn)
 x - a +0 helmet
 C - a +0 pair of boots (worn)
Jewellery
 e - a ring of ice
 g - a +6 ring of intelligence
 q - a ring of wizardry (left hand)
 u - a ring of willpower (right hand)
Wands
 r - a wand of mindburst (15)
 E - a wand of flame (26)
Scrolls
 f - 2 scrolls of teleportation
 h - 3 scrolls of identify
 j - a scroll of fear
 s - 2 scrolls of enchant weapon
Potions
 c - a potion of berserk rage
 d - a potion of magic
 n - a potion of lignification
 o - a potion of haste
 t - a potion of heal wounds
 v - a potion of degeneration {unknown}
 w - a potion of curing {unknown}
 z - a potion of attraction
 A - a potion of ambrosia {unknown}


   Skills:
 + Level 4.6 Fighting
 + Level 4.6 Short Blades
 + Level 4.6 Long Blades
 + Level 4.6 Axes
 + Level 4.6 Maces & Flails
 + Level 4.6 Polearms
 + Level 4.6 Staves
 + Level 4.6 Slings
 + Level 4.6 Bows
 + Level 4.6 Crossbows
 + Level 4.6 Throwing
 + Level 4.6 Armour
 + Level 6.5 Dodging
 + Level 6.3 Stealth
 + Level 4.6 Shields
 + Level 4.6 Unarmed Combat
 + Level 8.6 Spellcasting
 + Level 4.4 Conjurations
 + Level 3.8 Hexes
 + Level 4.4 Summonings
 + Level 3.8 Necromancy
 + Level 4.4 Translocations
 + Level 3.8 Transmutations
 + Level 3.8 Fire Magic
 + Level 3.8 Ice Magic
 + Level 3.8 Air Magic
 + Level 3.8 Earth Magic
 + Level 3.8 Poison Magic
 + Level 5.0 Invocations
 + Level 4.6 Evocations


You had 10 spell levels left.
You knew the following spells:

 Your Spells              Type           Power      Damage    Failure   Level
a - Magic Dart            Conj           100%       1d8       1%          1
b - Blink                 Tloc           52%        N/A       1%          2
c - Teleport Other        Tloc           26%        N/A       1%          3
d - Mephitic Cloud        Conj/Pois/Air  24%        N/A       1%          3
e - Call Imp              Summ           26%        N/A       1%          2
z - Olgreb's Toxic Radia  Pois           23%        N/A       7%          4

Your spell library contained the following spells:

 Spells                   Type           Power      Damage    Failure   Level
 Slow                     Hex            92%        N/A       1%          1
 Sting                    Tmut/Pois      92%        1d7       1%          1
 Poisonous Vapours        Pois/Air       46%        N/A       1%          2
 Conjure Flame            Conj/Fire      25%        6-21      1%          3
 Dazzling Flash           Conj/Hex       50%        N/A       1%          3
 Gell's Gravitas          Tloc           26%        N/A       1%          3
 Lesser Beckoning         Tloc           26%        N/A       1%          3
 Portal Projectile        Hex/Tloc       50%        N/A       1%          3
 Iskenderun's Mystic Bla  Conj/Tloc      26%        2d7       5%          4
 Dispersal                Tloc           13%        N/A       58%         6
 Starburst                Conj/Fire      12%        6d5       63%         6
 Lehudib's Crystal Spear  Conj/Erth      12%        10d4      100%        8
 Shatter                  Erth           11%        3d12*     100%        9


Dungeon Overview and Level Annotations

Branches:
Dungeon (8/15)             Temple (1/1) D:6
   Lair: D:8-11

Altars:
Ashenzari
Cheibriados
Dithmenos
Elyvilon
Fedhas
Gozag
Hepliaklqana
Kikubaaqudgha
Makhleb
Nemelex Xobeh
Okawaru
Qazlal
Ru
Sif Muna
Trog
Uskayaw
Vehumet
Wu Jian
Xom
Yredelemnul
Zin
The Shining One

Shops:
D:5 ?


Innate Abilities, Weirdness & Mutations

You have very sharp teeth.
Your uncanny sense of smell can sniff out nearby items.
Your experience applies equally to all skills.


Message History

Deactivating autopickup; reactivate with Ctrl-A.
Unknown command.
The gnoll sergeant completely misses you.
The gnoll sergeant barely misses itself.
The shadow strikes at you from the darkness!
* * * LOW HITPOINT WARNING * * *
Reactivating autopickup.
You climb upwards.
There is a stone staircase leading down here.
Casting: Teleport Other (safe; 1% risk of failure)
Confirm with . or Enter, or press ? or * to list all spells.
You blink.
Casting: Blink (safe; 1% risk of failure)
Confirm with . or Enter, or press ? or * to list all spells.
A beastly little devil appears in a puff of frigid air.
You feel stable enough to blink again. What are your orders? t - Bark!
Orders for allies: a - Attack new target. r - Retreat! s - Stop attacking. g - Guard the area. f - Follow me.
Anything else - Cancel.
Gang up on whom?
Press: ? - help, Dir - move target, f - shadow
Aim: a shadow Attack!
The shadow hits your white imp!
Your white imp hits the shadow but does no damage.
The shadow hits your white imp.
Your white imp dies!
Your white imp disappears in a puff of smoke!
Casting: Call Imp (safe; 1% risk of failure)
Confirm with . or Enter, or press ? or * to list all spells.
A shadowy apparition takes form in the air.
Your shadow imp misses the shadow.
The shadow slips into darkness.
The shadow flickers and vanishes!
Deactivating autopickup; reactivate with Ctrl-A.
The shadow strikes at you from the darkness!
You die...

#.####.###.#5###.#.#
.......#...#.# #.#.#
#..........#.# #.#.###
#.....###..#.###.#...#
#.###..W....(....###.#
#.# #######.###..# #)#
#.# #.......# #..# #)#
#.###.#######
#..###.## #W##....#
#.# #.@.....#
#.ยง...#.#
#.###.#######
####.##.# #.......#
#.......# #.....#.#
#.##.############.#
..##..............#
####..#############
#..# ####..#


There were no monsters in sight!

Vanquished Creatures
  A kobold demonologist (D:6)
  3 sky beasts
  2 orc warriors (D:7)
  A black bear (D:5)
  3 ice beasts
  4 bullfrogs
  A kobold brigand (D:7)
  A necrophage (D:3)
  4 scorpions
  5 killer bees (D:7)
  2 hounds
  A gnoll shaman (D:5)
  5 orc priests
  Terence (D:2)
  5 iguanas
  4 orc wizards
  12 gnolls
  3 adders
  2 shadow imps
  28 orcs
  2 endoplasms
  4 giant cockroaches
  2 goblins
  4 hobgoblins
  2 jackals (D:5)
  11 kobolds
  4 quokkas
  3 ball pythons
  3 bats
  5 frilled lizards
  2 rats
130 creatures vanquished.

Vanquished Creatures (collateral kills)
  A black bear (D:7)
  A bullfrog (D:7)
  A killer bee (D:7)
  An iguana (D:5)
  3 adders
  A worm (D:2)
  A dart slug (D:1)
  4 orcs
  2 ball pythons
  2 bats
  An endoplasm (D:1)
  3 giant cockroaches
  3 goblins
  3 hobgoblins
  2 frilled lizards
  4 kobolds
  2 rats
35 creatures vanquished.

Grand Total: 165 creatures vanquished

Notes
Turn   | Place    | Note
-------+----------+-------------------------------------------
     0 | D:1      | Ignak the Gnoll Hedge Wizard began the quest for the Orb.
     0 | D:1      | Reached XP level 1. HP: 13/13 MP: 8/8
   235 | D:1      | Reached XP level 2. HP: 19/19 MP: 6/10
   240 | D:1      | Learned a level 2 spell: Blink
   243 | D:1      | Learned a level 2 spell: Call Imp
   659 | D:1      | Reached XP level 3. HP: 25/25 MP: 11/11
   663 | D:1      | Learned a level 3 spell: Mephitic Cloud
  1028 | D:2      | Noticed Terence
  1221 | D:2      | Reached skill level 1 in Invocations
  1310 | D:2      | Killed Terence
  1311 | D:2      | Reached skill level 1 in Fighting
  1311 | D:2      | Reached skill level 1 in Short Blades
  1311 | D:2      | Reached skill level 1 in Long Blades
  1311 | D:2      | Reached skill level 1 in Axes
  1311 | D:2      | Reached skill level 1 in Maces & Flails
  1311 | D:2      | Reached skill level 1 in Polearms
  1311 | D:2      | Reached skill level 1 in Staves
  1311 | D:2      | Reached skill level 1 in Slings
  1311 | D:2      | Reached skill level 1 in Bows
  1311 | D:2      | Reached skill level 1 in Crossbows
  1311 | D:2      | Reached skill level 1 in Throwing
  1311 | D:2      | Reached skill level 1 in Armour
  1311 | D:2      | Reached skill level 1 in Shields
  1311 | D:2      | Reached skill level 1 in Unarmed Combat
  1311 | D:2      | Reached skill level 1 in Evocations
  1311 | D:2      | Reached XP level 4. HP: 30/32 MP: 5/13
  1325 | D:2      | Learned a level 4 spell: Olgreb's Toxic Radiance
  2298 | D:3      | Reached skill level 1 in Hexes
  2298 | D:3      | Reached skill level 1 in Necromancy
  2298 | D:3      | Reached skill level 1 in Transmutations
  2298 | D:3      | Reached skill level 1 in Fire Magic
  2298 | D:3      | Reached skill level 1 in Ice Magic
  2298 | D:3      | Reached skill level 1 in Air Magic
  2298 | D:3      | Reached skill level 1 in Earth Magic
  2298 | D:3      | Reached skill level 1 in Poison Magic
  2332 | D:3      | Reached XP level 5. HP: 34/37 MP: 9/14
  2815 | D:3      | Learned a level 3 spell: Teleport Other
  3296 | D:4      | Reached XP level 6. HP: 30/44 MP: 10/16
  3432 | D:3      | Reached skill level 5 in Dodging
  3712 | D:4      | Got Aroseofi's Handbook of the Rocks and Glamour
  3827 | D:5      | Entered Level 5 of the Dungeon
  3975 | D:5      | Reached XP level 7. HP: 34/50 MP: 12/18
  4497 | D:5      | Found Keff's Magic Scroll Shop.
  4759 | D:5      | Reached skill level 5 in Stealth
  5384 | D:6      | Noticed a kobold demonologist
  5498 | D:5      | Reached XP level 8. HP: 53/57 MP: 7/19
  5729 | D:6      | Killed a kobold demonologist
  5730 | D:6      | Reached skill level 8 in Spellcasting
  5843 | D:6      | Found a staircase to the Ecumenical Temple.
  5850 | Temple   | Entered the Ecumenical Temple
  6048 | Temple   | Became a worshipper of Sif Muna the Loreminder
  6954 | D:7      | Reached XP level 9. HP: 31/65 MP: 10/21
  7808 | D:7      | Reached * piety under Sif Muna
  8450 | D:7      | Reached skill level 5 in Invocations
  8573 | D:7      | Found an iron altar of Okawaru.
  9317 | D:7      | Mangled by a shadow

Illustrated notes

Levels and vault maps discovered:
D:1:      amcnicky_arrival_flooded_fountain, layout_rooms,
          chequers_serial_rivers_room_a
D:2:      layout_rooms, minmay_misc_feat_room, uniq_terence
D:3:      layout_basic, hangedman_abyss_or_decor_lesser_grid
D:4:      layout_rooms
D:5:      layout_loops_ring, serial_shops, shop
D:6:      layout_cave_pools, minmay_temple_entry_nine_rooms,
          chequers_decorated_corner
D:7:      layout_basic, okawaru_ov_weapons_minmay, kennysheep_generic_room_12
D:8:      layout_rooms, erik_lair_orcish_takeover, ebering_ghost_disaster_area
Temple:   mainiacjoe_temple_starburst

Skill      XL: |  1  2  3  4  5  6  7  8  9 |
---------------+----------------------------+-----
Conjurations   | 2 3 4 |  4.4
Summonings     | 2 3 4 |  4.4
Translocations | 2 3 4 |  4.4
Invocations    | 1 2 3 4 5 |  5.0
Fighting       | 1 2 3 4 |  4.6
Short Blades   | 1 2 3 4 |  4.6
Long Blades    | 1 2 3 4 |  4.6
Axes           | 1 2 3 4 |  4.6
Maces & Flails | 1 2 3 4 |  4.6
Polearms       | 1 2 3 4 |  4.6
Staves         | 1 2 3 4 |  4.6
Slings         | 1 2 3 4 |  4.6
Bows           | 1 2 3 4 |  4.6
Crossbows      | 1 2 3 4 |  4.6
Throwing       | 1 2 3 4 |  4.6
Armour         | 1 2 3 4 |  4.6
Shields        | 1 2 3 4 |  4.6
Unarmed Combat | 1 2 3 4 |  4.6
Evocations     | 1 2 3 4 |  4.6
Hexes          | 1 2 3 |  3.8
Necromancy     | 1 2 3 |  3.8
Transmutations | 1 2 3 |  3.8
Fire Magic     | 1 2 3 |  3.8
Ice Magic      | 1 2 3 |  3.8
Air Magic      | 1 2 3 |  3.8
Earth Magic    | 1 2 3 |  3.8
Poison Magic   | 1 2 3 |  3.8
Dodging        | 5 6 |  6.5
Stealth        | 5 6 |  6.3
Spellcasting   | 8 |  8.6

Action                   |  1- 3 |  4- 6 |  7- 9 || total
-------------------------+-------+-------+-------++-------
Melee: Dagger            |    24 |       |       ||    24
       Bite              |     2 |     8 |    15 ||    25
       Short sword       |    21 |     1 |       ||    22
       Hand axe          |       |    82 |    37 ||   119
       Punch             |       |     3 |     2 ||     5
       Flail             |       |       |    82 ||    82
       Whip              |       |       |    27 ||    27
Throw: Dart              |       |       |     2 ||     2
 Cast: Magic Dart        |    23 |     8 |       ||    31
       Call Imp          |    15 |    23 |    23 ||    61
       Mephitic Cloud    |     3 |     6 |    18 ||    27
       Blink             |       |     9 |     8 ||    17
       Teleport Other    |       |     1 |     1 ||     2
       Olgreb's Toxic Ra |       |       |    34 ||    34
  Use: Potion            |       |     9 |       ||     9
       Scroll            |       |     5 |       ||     5
 Stab: Sleeping          |     3 |     9 |     3 ||    15
       Confused          |     1 |     3 |     2 ||     6
       Distracted        |       |       |     2 ||     2
Armor: Robe              |    11 |    23 |    27 ||    61
Dodge: Dodged            |    30 |    64 |    95 ||   189

Table legend: (Time is in decaauts)
 A = Elapsed time spent in this place.
 B = Non-inter-level travel time spent in this place.
 C = Inter-level travel time spent in this place.
 D = Time resting spent in this place.
 E = Time spent auto-exploring this place.
 F = Levels seen in this place.
 G = Mean time per level.
                   A        B        C        D        E       F      G
               +--------+--------+--------+--------+--------+-----+--------+
         Total |   9356 |   9124 |    232 |   2905 |   4002 |   9 | 1039.6 |
       Dungeon |   9096 |   8924 |    172 |   2905 |   3833 |   8 | 1137.0 |
        Temple |    259 |    199 |     60 |      0 |    169 |   1 |  259.0 |
               +--------+--------+--------+--------+--------+-----+--------+

Top non-repeatable levels by time:
     D:7: 2358 daAuts
     D:5: 1731 daAuts
     D:6: 1147 daAuts
     D:2: 1126 daAuts
     D:1: 1092 daAuts
     D:3: 1002 daAuts
     D:4: 626 daAuts
  Temple: 259 daAuts
     D:8: 10 daAuts
